TOP OF THE 1ST |
Lancaster Farmers batting - Pitching for Irving Blue Sox : RHP Paco Hernández
|
Pitching: RHP Paco Hernández
|
|
Batting: RHB Ricardo Pacheco
|
0-0: Bunted foul 0-1: Ball 1-1: Foul Ball, location: 2F 1-2: Ball 2-2: Strikes out swinging
|
Batting: RHB Albert Díaz
|
0-0: Ball 1-0: Ball 2-0: Bunt for hit - play at first, batter OUT! 3-4
|
Batting: LHB Brad Tillman
|
0-0: Ball 1-0: Foul Ball, location: 2F 1-1: Ball 2-1: DOUBLE (Groundball, 3L)
|
Batting: LHB Rob Wilson
|
0-0: Called Strike 0-1: Fly out, F9 (Line Drive, 9LM)
|
Top of the 1st over - 0 run(s), 1 hit(s), 0 error(s), 1 left on base; Lancaster 0 - Irving 0 |
BOTTOM OF THE 1ST |
Irving Blue Sox batting - Pitching for Lancaster Farmers : RHP John Boyle
|
Pitching: RHP John Boyle
|
|
Batting: RHB Rafael Delgado
|
0-0: Ball 1-0: Called Strike 1-1: Foul Ball, location: 2F 1-2: Foul Ball, location: 2F 1-2: Foul Ball, location: 2F 1-2: SINGLE (Flyball, 7S)
|
Batting: SHB Jim Unknown
|
0-0: Ball Rafael Delgado steals 2nd base 1-0: Ball 2-0: Foul Ball, location: 2F 2-1: Foul Ball, location: 2F 2-2: Foul Ball, location: 2F 2-2: SINGLE (Line Drive, 34D) Rafael Delgado to third
|
Batting: RHB Justin Bingham
|
0-0: Foul Ball, location: 2F 0-1: Ball 1-1: Swinging Strike 1-2: Foul Ball, location: 2F 1-2: Ball 2-2: Ball 3-2: Foul Ball, location: 2F 3-2: Strikes out swinging
|
Batting: RHB Noah Smith
|
0-0: Called Strike 0-1: Swinging Strike 0-2: Ball 1-2: Strikes out swinging
|
Batting: SHB Tom Palmer
|
0-0: Swinging Strike 0-1: Called Strike 0-2: Strikes out swinging
|
Bottom of the 1st over - 0 run(s), 2 hit(s), 0 error(s), 2 left on base; Lancaster 0 - Irving 0 |
TOP OF THE 2ND |
Lancaster Farmers batting - Pitching for Irving Blue Sox : RHP Paco Hernández
|
Batting: SHB Janghyun Sam
|
0-0: Ball 1-0: Foul Ball, location: 2F 1-1: Ball 2-1: Foul Ball, location: 2F 2-2: Strikes out swinging
|
Batting: SHB Orlando Miranda
|
0-0: SINGLE (Groundball, 34)
|
Batting: RHB António Jiménez
|
0-0: SINGLE (Line Drive, 7S) Orlando Miranda to second
|
Batting: LHB Ramón Gómez
|
0-0: Called Strike António Jiménez steals 2nd base Orlando Miranda to third 0-1: Called Strike 0-2: Strikes out looking
|
Batting: RHB Rodrigo Velasco
|
0-0: Called Strike 0-1: Ball 1-1: SINGLE (Groundball, 6) Orlando Miranda scores António Jiménez to third Runner from 3rd tries for Home, SAFE, no throw or cutoff
|
Batting: RHB Ricardo Pacheco
|
0-0: Ball 1-0: Foul Ball, location: 2F 1-1: Ball 2-1: Foul Ball, location: 2F 2-2: Foul Ball, location: 2F 2-2: Foul Ball, location: 2F 2-2: Ground out 5-3 (Groundball, 5S)
|
Top of the 2nd over - 2 run(s), 3 hit(s), 0 error(s), 1 left on base; Lancaster 2 - Irving 0 |
BOTTOM OF THE 2ND |
Irving Blue Sox batting - Pitching for Lancaster Farmers : RHP John Boyle
|
Batting: RHB Jorge López
|
0-0: Foul Ball, location: 2F 0-1: Swinging Strike 0-2: Ball 1-2: Strikes out looking
|
Batting: RHB Alfredo Chávez
|
0-0: Called Strike 0-1: Foul Ball, location: 2F 0-2: Ball 1-2: Foul Ball, location: 2F 1-2: Ground out 5-3 (Groundball, 5S)
|
Batting: RHB Jim Unknown
|
0-0: Foul Ball, location: 2F 0-1: Ball 1-1: Swinging Strike 1-2: Ball 2-2: Ball 3-2: Strikes out swinging
|
Bottom of the 2nd over - 0 run(s), 0 hit(s), 0 error(s), 0 left on base; Lancaster 2 - Irving 0 |
TOP OF THE 3RD |
Lancaster Farmers batting - Pitching for Irving Blue Sox : RHP Paco Hernández
|
Batting: RHB Albert Díaz
|
0-0: Bunted foul 0-1: Ball 1-1: Ball 2-1: Swinging Strike 2-2: Ball 3-2: Hit by Pitch
|
Batting: LHB Brad Tillman
|
0-0: Foul Ball, location: 2F 0-1: Ball 1-1: Foul Ball, location: 2F 1-2: Fly out, F8 (Flyball, 8LS)
|
Batting: LHB Rob Wilson
|
0-0: Ground out 3-1 (Groundball, 34) Albert Díaz to second
|
Batting: SHB Janghyun Sam
|
0-0: Called Strike 0-1: Ball 1-1: Ball 2-1: Ball 3-1: Base on Balls
|
Batting: SHB Orlando Miranda
|
0-0: Called Strike 0-1: Ball 1-1: Ball 2-1: Swinging Strike 2-2: Ball 3-2: Foul Ball, location: 2F 3-2: Strikes out looking
|
Top of the 3rd over - 0 run(s), 0 hit(s), 0 error(s), 2 left on base; Lancaster 2 - Irving 0 |
BOTTOM OF THE 3RD |
Irving Blue Sox batting - Pitching for Lancaster Farmers : RHP John Boyle
|
Batting: LHB Jim Unknown
|
0-0: Fly out, F8 (Flyball, 8LM)
|
Batting: RHB Rafael Delgado
|
0-0: Swinging Strike 0-1: Ball 1-1: Foul Ball, location: 2F 1-2: Foul Ball, location: 2F 1-2: Ground out 4-3 (Groundball, 4M)
|
Batting: SHB Jim Unknown
|
0-0: Swinging Strike 0-1: Ball 1-1: Foul Ball, location: 2F 1-2: Ball 2-2: Ball 3-2: Strikes out swinging
|
Bottom of the 3rd over - 0 run(s), 0 hit(s), 0 error(s), 0 left on base; Lancaster 2 - Irving 0 |
TOP OF THE 4TH |
Lancaster Farmers batting - Pitching for Irving Blue Sox : RHP Paco Hernández
|
Batting: RHB António Jiménez
|
0-0: Ball 1-0: Foul Ball, location: 2F 1-1: Called Strike 1-2: Ball 2-2: Ball 3-2: Fly out, F7 (Flyball, 78S)
|
Batting: LHB Ramón Gómez
|
0-0: Called Strike 0-1: Swinging Strike 0-2: Foul Ball, location: 2F 0-2: Ball 1-2: Ball 2-2: Ball 3-2: Foul Ball, location: 2F 3-2: Foul Ball, location: 2F 3-2: Foul Ball, location: 2F 3-2: Base on Balls
|
Batting: RHB Rodrigo Velasco
|
0-0: Called Strike 0-1: Ball 1-1: Ball 2-1: Called Strike 2-2: Foul Ball, location: 2F 2-2: Reached on Error, E4 (Popup, 4MD) Ramón Gómez to second
|
Batting: RHB Ricardo Pacheco
|
0-0: Called Strike 0-1: SINGLE (Groundball, 56D) Ramón Gómez to third Rodrigo Velasco to second Runner from 3rd tries for Home, SAFE, no throw or cutoff
|
Batting: RHB Albert Díaz
|
0-0: Ball 1-0: Called Strike 1-1: Fielders Choice at 2nd, 6-4 (Groundball, 6) Rodrigo Velasco to third
|
Batting: LHB Brad Tillman
|
0-0: Ball 1-0: Called Strike 1-1: Ball 2-1: Foul Ball, location: 2F 2-2: Fly out, F8 (Flyball, 78D)
|
Top of the 4th over - 1 run(s), 1 hit(s), 1 error(s), 2 left on base; Lancaster 3 - Irving 0 |
BOTTOM OF THE 4TH |
Irving Blue Sox batting - Pitching for Lancaster Farmers : RHP John Boyle
|
Batting: RHB Justin Bingham
|
0-0: Ball 1-0: Called Strike 1-1: Swinging Strike 1-2: Strikes out swinging
|
Batting: RHB Noah Smith
|
0-0: Called Strike 0-1: Ball 1-1: Called Strike 1-2: Foul Ball, location: 2F 1-2: Ball 2-2: Fly out, F8 (Flyball, 8LM)
|
Batting: SHB Tom Palmer
|
0-0: Ground out 2-3 (Groundball, 15S)
|
Bottom of the 4th over - 0 run(s), 0 hit(s), 0 error(s), 0 left on base; Lancaster 3 - Irving 0 |
TOP OF THE 5TH |
Lancaster Farmers batting - Pitching for Irving Blue Sox : RHP Paco Hernández
|
Batting: LHB Rob Wilson
|
0-0: Called Strike 0-1: Ball 1-1: Called Strike 1-2: Ball 2-2: Ball 3-2: Reached on error, E5 (Groundball, 5S)
|
Batting: SHB Janghyun Sam
|
0-0: Ball 1-0: Grounds into double play, 6-4-3 (Groundball, 6M)
|
Batting: SHB Orlando Miranda
|
0-0: Foul Ball, location: 2F 0-1: Foul Ball, location: 2F 0-2: Strikes out swinging
|
Top of the 5th over - 0 run(s), 0 hit(s), 1 error(s), 0 left on base; Lancaster 3 - Irving 0 |
BOTTOM OF THE 5TH |
Irving Blue Sox batting - Pitching for Lancaster Farmers : RHP John Boyle
|
Batting: RHB Jorge López
|
0-0: Called Strike 0-1: Swinging Strike 0-2: Ball 1-2: Strikes out swinging
|
Batting: RHB Alfredo Chávez
|
0-0: Ball 1-0: Swinging Strike 1-1: SINGLE (Groundball, 34D)
|
Batting: RHB Jim Unknown
|
0-0: Called Strike 0-1: Called Strike 0-2: Fly out, F8 (Line Drive, 8RM)
|
Batting: LHB Jim Unknown
|
0-0: Called Strike 0-1: Ball 1-1: Fly out, F8 (Flyball, 8RM)
|
Bottom of the 5th over - 0 run(s), 1 hit(s), 0 error(s), 1 left on base; Lancaster 3 - Irving 0 |
TOP OF THE 6TH |
Lancaster Farmers batting - Pitching for Irving Blue Sox : RHP Paco Hernández
|
Batting: RHB António Jiménez
|
0-0: Called Strike 0-1: Ground out 3-1 (Groundball, 4)
|
Batting: LHB Ramón Gómez
|
0-0: SINGLE (Groundball, 6M) (infield hit)
|
Batting: RHB Rodrigo Velasco
|
0-0: Ball 1-0: Ball Ramón Gómez steals 2nd base 2-0: Ball 3-0: Base on Balls
|
Batting: RHB Ricardo Pacheco
|
0-0: Ball 1-0: Called Strike 1-1: Called Strike 1-2: Ball 2-2: Ball 3-2: SINGLE (Line Drive, 9S) Ramón Gómez to third Rodrigo Velasco to second Runner from 3rd tries for Home, SAFE, throw made at trailing runner, OUT at third!
|
Batting: RHB Albert Díaz
|
0-0: Ball 1-0: Called Strike 1-1: Ball 2-1: Ball 3-1: Base on Balls Ricardo Pacheco to second
|
Pitching: RHP Al Turner
|
|
Batting: LHB Brad Tillman
|
0-0: Foul Ball, location: 2F 0-1: Ball 1-1: Foul Ball, location: 2F 1-2: Foul Ball, location: 2F 1-2: Fly out, F4 (Popup, 4D)
|
Top of the 6th over - 1 run(s), 2 hit(s), 0 error(s), 2 left on base; Lancaster 4 - Irving 0 |
BOTTOM OF THE 6TH |
Irving Blue Sox batting - Pitching for Lancaster Farmers : RHP John Boyle
|
Batting: RHB Rafael Delgado
|
0-0: Ball 1-0: Called Strike 1-1: Ball 2-1: Ground out 5-3 (Groundball, 5)
|
Batting: SHB Jim Unknown
|
0-0: Ball 1-0: Ball 2-0: Ball 3-0: Called Strike 3-1: Foul Ball, location: 2F 3-2: Fly out, F7 (Flyball, 7LD)
|
Batting: RHB Justin Bingham
|
0-0: Ball 1-0: Ball 2-0: DOUBLE (Flyball, 8RXD)
|
Batting: RHB Noah Smith
|
0-0: Called Strike 0-1: Foul Ball, location: 2F 0-2: Foul Ball, location: 2F 0-2: Strikes out swinging
|
Bottom of the 6th over - 0 run(s), 1 hit(s), 0 error(s), 1 left on base; Lancaster 4 - Irving 0 |
TOP OF THE 7TH |
Lancaster Farmers batting - Pitching for Irving Blue Sox : RHP Al Turner
|
Batting: LHB Rob Wilson
|
0-0: Ball 1-0: Foul Ball, location: 2F 1-1: SINGLE (Flyball, 7S)
|
Batting: SHB Janghyun Sam
|
0-0: Called Strike 0-1: SINGLE (Groundball, 34S) Rob Wilson to second Runner from 2nd tries for 3rd, SAFE, throw made to third
|
Batting: SHB Orlando Miranda
|
0-0: Foul Ball, location: 2F 0-1: Ball 1-1: Foul Ball, location: 2F 1-2: Ball 2-2: Foul Ball, location: 2F 2-2: SINGLE (Line Drive, 34D) Rob Wilson scores Janghyun Sam to second
|
Batting: RHB António Jiménez
|
0-0: Sac Bunt - play at first, batter OUT! 1-4 Janghyun Sam to third Orlando Miranda to second
|
Batting: LHB Ramón Gómez
|
0-0: Swinging Strike 0-1: Ball 1-1: Ball 2-1: Fly out, F7 (Line Drive, 78M) Runner from 3rd tags up, SCORES, no throw
|
Batting: RHB Rodrigo Velasco
|
0-0: Ground out 6-3 (Groundball, 6M)
|
Top of the 7th over - 2 run(s), 3 hit(s), 0 error(s), 1 left on base; Lancaster 6 - Irving 0 |
BOTTOM OF THE 7TH |
Irving Blue Sox batting - Pitching for Lancaster Farmers : RHP John Boyle
|
Batting: SHB Tom Palmer
|
0-0: Ball 1-0: SOLO HOME RUN (Flyball, 9LD), Distance : 352 ft
|
Batting: RHB Jorge López
|
0-0: Ball 1-0: Ball 2-0: Ball 3-0: Called Strike 3-1: Swinging Strike 3-2: Base on Balls
|
Pitching: LHP Sergio Cruz
|
|
Batting: RHB Alfredo Chávez
|
0-0: Ground out 4-3 (Groundball, 34S) Jorge López to second
|
Batting: RHB Jim Unknown
|
0-0: Ball 1-0: Ball 2-0: Ball 3-0: Swinging Strike 3-1: Foul Ball, location: 2F 3-2: Base on Balls
|
Batting: LHB Jim Unknown
|
0-0: Fly out, F6 (Popup, 56D)
|
Batting: RHB Rafael Delgado
|
0-0: Ball 1-0: Ball 2-0: Ball 3-0: Called Strike 3-1: Base on Balls Jorge López to third Jim Unknown to second
|
Batting: SHB Jim Unknown
|
0-0: Ball 1-0: Ball 2-0: Called Strike 2-1: Foul Ball, location: 2F 2-2: Foul Ball, location: 2F 2-2: Ball 3-2: Fly out, F7 (Flyball, 7D)
|
Bottom of the 7th over - 1 run(s), 1 hit(s), 0 error(s), 3 left on base; Lancaster 6 - Irving 1 |
TOP OF THE 8TH |
Lancaster Farmers batting - Pitching for Irving Blue Sox : RHP Al Turner
|
Batting: RHB Ricardo Pacheco
|
0-0: Foul Ball, location: 2F 0-1: Ball 1-1: Swinging Strike 1-2: SINGLE (Groundball, 34D)
|
Batting: RHB Albert Díaz
|
0-0: Foul Ball, location: 2F 0-1: Called Strike 0-2: Ball 1-2: Ball 2-2: SINGLE (Line Drive, 8LS) Ricardo Pacheco to second
|
Batting: LHB Brad Tillman
|
0-0: Ball 1-0: SINGLE (Groundball, 34D) Ricardo Pacheco to third Albert Díaz to second
|
Batting: LHB Rob Wilson
|
0-0: Ball 1-0: Swinging Strike 1-1: Fly out, F5 (Popup, 5F)
|
Batting: SHB Janghyun Sam
|
0-0: Called Strike 0-1: Reached on error, E4 (Groundball, 34) Ricardo Pacheco scores Albert Díaz to third Brad Tillman to second
|
Pitching: LHP Gilberto Ramírez
|
|
Batting: SHB Orlando Miranda
|
0-0: Ball 1-0: Foul Ball, location: 2F 1-1: Foul Ball, location: 2F 1-2: SINGLE (Groundball, 6MD) (infield hit) Albert Díaz scores Brad Tillman to third Janghyun Sam to second
|
Batting: RHB António Jiménez
|
0-0: Ball 1-0: SINGLE (Line Drive, 34D) Brad Tillman scores Janghyun Sam to third Orlando Miranda to second
|
Batting: LHB Ramón Gómez
|
0-0: Swinging Strike 0-1: Foul Ball, location: 2F 0-2: Ball 1-2: Strikes out swinging
|
Batting: RHB Rodrigo Velasco
|
0-0: Ball 1-0: Ball 2-0: Called Strike 2-1: Ball 3-1: Base on Balls Janghyun Sam scores Orlando Miranda to third António Jiménez to second
|
Batting: RHB Ricardo Pacheco
|
0-0: Ground out U3 (Groundball, 3L)
|
Top of the 8th over - 4 run(s), 5 hit(s), 1 error(s), 3 left on base; Lancaster 10 - Irving 1 |
BOTTOM OF THE 8TH |
Irving Blue Sox batting - Pitching for Lancaster Farmers : LHP Sergio Cruz
|
Pinch Hitting: RHB Jim Unknown
|
0-0: Fly out, F3 (Popup, 3F)
|
Batting: RHB Noah Smith
|
0-0: Called Strike 0-1: Ball 1-1: Swinging Strike 1-2: Strikes out swinging
|
Batting: SHB Tom Palmer
|
0-0: Fly out, F8 (Flyball, 8LM)
|
Bottom of the 8th over - 0 run(s), 0 hit(s), 0 error(s), 0 left on base; Lancaster 10 - Irving 1 |
TOP OF THE 9TH |
Lancaster Farmers batting - Pitching for Irving Blue Sox : LHP Gilberto Ramírez
|
Now at 2B: Stan Barnes
|
|
Batting: RHB Albert Díaz
|
0-0: Ball 1-0: Swinging Strike 1-1: Foul Ball, location: 2F 1-2: Strikes out swinging
|
Batting: LHB Brad Tillman
|
0-0: Called Strike 0-1: Ball 1-1: Called Strike 1-2: Ball 2-2: Foul Ball, location: 2F 2-2: Strikes out looking
|
Batting: LHB Rob Wilson
|
0-0: Called Strike 0-1: Foul Ball, location: 2F 0-2: Ball 1-2: Strikes out looking
|
Top of the 9th over - 0 run(s), 0 hit(s), 0 error(s), 0 left on base; Lancaster 10 - Irving 1 |
BOTTOM OF THE 9TH |
Irving Blue Sox batting - Pitching for Lancaster Farmers : LHP Sergio Cruz
|
Now in CF: Carl Bryant
|
|
Batting: RHB Jorge López
|
0-0: Swinging Strike 0-1: Ball 1-1: SINGLE (Line Drive, 6D)
|
Batting: RHB Alfredo Chávez
|
0-0: Foul Ball, location: 2F 0-1: Ball 1-1: Grounds into double play, 6-4-3 (Groundball, 6M)
|
Batting: RHB Jim Unknown
|
0-0: Ground out 5-3 (Groundball, 5)
|
Bottom of the 9th over - 0 run(s), 1 hit(s), 0 error(s), 0 left on base; Lancaster 10 - Irving 1 |
|